 Dungeon Crawl Stone Soup version 0.31-a0-810-ga77100ea1a (webtiles) character file.

Game seed: 11769603047662371912

57 randomguy2701 the Cudgeller (level 4, 0/38 HPs)
             Began as a Meteoran Fighter on Sept 22, 2023.
             Slain by an orc wizard
             ... wielding a +0 dagger
              (1 damage)
             ... on level 3 of the Dungeon.
             The game lasted 00:01:41 (1184 turns).

randomguy2701 the Cudgeller (Meteoran Fighter)      Turns: 1184, Time: 00:01:42

Health: 0/38       AC:  7    Str: 19    XL:     4   Next: 41%
Magic:  5/5        EV:  9    Int: 10    God:
Gold:   89         SH:  5    Dex: 13    Spells: 3/3 levels left

rFire   . . .        a - +0 flail
rCold   . . .        c - +0 buckler
rNeg    . . .        b - +0 scale mail
rPois   .            (no helmet)
rElec   .            (no cloak)
rCorr   .            (no gloves)
SInv    .            (no boots)
Will    .....        (no amulet) Stlth
                     (no ring)
HPRegen 0.26/turn    (no ring)
MPRegen 0.09/turn

%: no passive effects
@: glowing
A: sense surroundings 1, otherworldly, glowing, explore regen
a: no special abilities


You were on level 3 of the Dungeon.
You visited 1 branch of the dungeon, and saw 3 of its levels.

You collected 89 gold pieces.

Inventory:

Hand Weapons
 a - a +0 flail (weapon)
Armour
 b - a +0 scale mail (worn)
 c - a +0 buckler (worn)
Scrolls
 f - 2 scrolls of teleportation {unknown}
 i - 2 scrolls of immolation {unknown}
 j - 3 scrolls of identify {unknown}
 k - a scroll of blinking {unknown}
 m - a scroll of brand weapon {unknown}
 n - a scroll of poison {unknown}
 o - 2 scrolls of fog {unknown}
 r - a scroll of enchant armour {unknown}
 s - a scroll of amnesia {unknown}
Potions
 d - 2 potions of might
 e - a potion of invisibility {unknown}
 g - a potion of cancellation {unknown}
 h - 3 potions of enlightenment {unknown}
 l - 2 potions of curing {unknown}
 p - 2 potions of degeneration {unknown}
 q - a potion of brilliance {unknown}


   Skills:
 + Level 3.5 Fighting
 + Level 4.1 Maces & Flails
 + Level 3.7 Armour
 + Level 0.2 Dodging
 + Level 3.8 Shields


You had 3 spell levels left.
You didn't know any spells.
Your spell library contained the following spells:

 Spells                   Type           Power      Damage    Failure   Level
 Ozocubu's Armour         Ice            0%         N/A       99%         3
 Ozocubu's Refrigeration  Ice            0%         4d7       100%        7


Dungeon Overview and Level Annotations

Branches:
Dungeon (3/15) Zot: 584

Altars:


Innate Abilities, Weirdness & Mutations

You passively map a small area around you.
You are easily found by Zot.
You glow in the dark.
You regain HP and MP as you explore.


Message History

You hit the orc but do no damage.
The orc is moderately wounded.
The orc barely misses you. The orc wizard barely misses you.
Unknown command.
You hit the orc.
The orc is heavily wounded.
The orc completely misses you.
The orc wizard gestures at you while chanting.
You block the puff of flame.
Unknown command.
You closely miss the orc.
The orc is heavily wounded.
The orc barely misses you.
The orc wizard hits you but does no damage.
Unknown command.
You closely miss the orc.
The orc is heavily wounded.
The orc barely misses you.
The orc wizard hits you but does no damage.
The orc hits you with a +0 club.
* * * LOW HITPOINT WARNING * * *
The orc wizard casts a spell at you. You block the puff of flame.
You hit the orc.
You kill the orc!
Unknown command.
You hit the orc wizard but do no damage.
The orc priest invokes the aid of Beogh against you.
You struggle to resist.
The orc wizard completely misses you.
Unknown command.
You hit the orc priest.
The orc priest is heavily wounded.
You block the orc wizard's attack. The orc priest barely misses you.
Unknown command.
You closely miss the orc priest.
The orc priest is heavily wounded.
The orc priest hits you with a +0 hand axe.
* * * LOW HITPOINT WARNING * * *
The orc wizard hits you with a +0 dagger.
You die...

* *#.......# ,
, #.......#
#.......#.
#<., ,
.......... *..
*#...$.....,
.. *#........
#.####.o......
#....oo##.#..#
,
#..###o@.....#
,
#....#.......#
*
#.#.#...##.#..
#......###.#
###........# *
#..#.##### *,
* #######..#.#
* ,,
.........#.# ,
**
.#######.#.# *
*


You could see an orc priest, an orc wizard and an orc.

Vanquished Creatures
  2 adders (D:2)
  2 dart slugs (D:2)
  An orc (D:3)
  5 bats
  An endoplasm (D:1)
  A giant cockroach (D:2)
  A goblin (D:2)
  4 hobgoblins (D:1)
  4 jackals (D:2)
  2 quokkas (D:1)
  4 ball pythons
  2 frilled lizards (D:2)
  2 kobolds
  3 rats (D:1)
34 creatures vanquished.

Notes
Turn   | Place    | Note
-------+----------+-------------------------------------------
     0 | D:1      | randomguy2701 the Meteoran Fighter began the quest for the
                  | Orb.
     0 | D:1      | Reached XP level 1. HP: 19/19 MP: 2/2
   125 | D:1      | Reached XP level 2. HP: 17/26 MP: 3/3
   135 | D:1      | Reached skill level 3 in Maces & Flails
   485 | D:1      | Glimpsed the power of Zot.
   521 | D:2      | Identified the +1 mace "Weloojapne" {elec, *Corrode Fragile
                  | rPois Dex+4}
   528 | D:2      | Reached XP level 3. HP: 31/31 MP: 4/4
   552 | D:2      | Found a faded altar of an unknown god.
   868 | D:2      | Reached XP level 4. HP: 38/38 MP: 5/5
   892 | D:2      | Reached skill level 4 in Maces & Flails
  1073 | D:2      | Glimpsed the power of Zot.
  1184 | D:3      | HP: 1/38 [orc priest/+0 hand axe (2)]
  1184 | D:3      | Slain by an orc wizard

Illustrated notes

Levels and vault maps discovered:
D:1:      denvon_arrival_planthouse, layout_loops_cross
D:2:      layout_loops_ring, hellmonk_ecumenical_altar_arch_garden
D:3:      layout_loops_ring, kennysheep_generic_room_12

Skill      XL: |  1  2  3  4 |
---------------+-------------+-----
Maces & Flails | 3 4 |  4.1
Fighting       | |  3.5
Armour         | |  3.7
Dodging        | |  0.2
Shields        | |  3.8

Action                     |  1- 3 |  4- 6 || total
---------------------------+-------+-------++-------
  Melee: Flail             |    87 |    32 ||   119
 Armour: Scale mail        |    59 |    31 ||    90
  Dodge: Dodged            |    39 |    19 ||    58
  Block: Buckler           |    25 |    14 ||    39

Table legend: (Time is in decaauts)
 A = Elapsed time spent in this place.
 B = Non-inter-level travel time spent in this place.
 C = Inter-level travel time spent in this place.
 D = Time resting spent in this place.
 E = Time spent auto-exploring this place.
 F = Levels seen in this place.
 G = Mean time per level.
                   A        B        C        D        E       F      G
               +--------+--------+--------+--------+--------+-----+--------+
         Total |   1214 |   1171 |     43 |      0 |    903 |   3 |  404.7 |
       Dungeon |   1214 |   1171 |     43 |      0 |    903 |   3 |  404.7 |
               +--------+--------+--------+--------+--------+-----+--------+

Top non-repeatable levels by time:
     D:2: 603 daAuts
     D:1: 519 daAuts
     D:3: 91 daAuts
